 Dungeon Crawl Stone Soup version 0.28.0-47-ge53b351184 (webtiles) character file.

Game seed: 12360210702776743394

200 Allula97 the Sneak (level 5, -1/39 HPs)
             Began as a Demonspawn Brigand on May 3, 2022.
             Slain by an ogre
             ... wielding a +0 giant club
              (13 damage)
             ... on level 4 of the Dungeon.
             The game lasted 00:08:13 (3799 turns).

Allula97 the Sneak (Demonspawn Brigand)             Turns: 3799, Time: 00:08:13

Health: -1/39      AC:  6    Str: 12    XL:     5   Next: 49%
Magic:  6/6        EV: 11    Int: 12    God:
Gold:   38         SH:  0    Dex: 16    Spells: 6/6 levels left

rFire   . . .      SeeInvis .   a - +2 dagger
rCold   . . .      Faith    .   (no shield)
rNeg    . . .      Spirit   .   m - +0 leather armour
rPois   .          Reflect  .   s - +0 helmet
rElec   .          Harm     .   c - +0 cloak
rCorr   .          Rampage  .   l - +0 pair of gloves
Will    .....                   (no boots)
Stlth   +++.......              (no amulet)
HPRegen 0.13/turn               (no ring)
MPRegen 0.10/turn               (no ring)

@: no status effects
A: foul stench 1
a: no special abilities


You were on level 4 of the Dungeon.
You visited 1 branch of the dungeon, and saw 4 of its levels.

You collected 152 gold pieces.
You spent 114 gold pieces at shops.

Inventory:

Hand Weapons
 a - a +2 dagger (weapon)
Missiles
 d - 23 poisoned darts (quivered)
 e - 2 curare-tipped darts
Armour
 c - a +0 cloak (worn)
 l - a +0 pair of gloves (worn)
 m - a +0 leather armour (worn)
 s - a +0 helmet (worn)
Wands
 b - a wand of flame (16)
 n - a wand of polymorph (3)
Scrolls
 f - a scroll of enchant armour
 g - a scroll of immolation
 j - a scroll of teleportation
 k - a scroll of torment {unknown}
 o - a scroll of vulnerability {unknown}
 p - a scroll of amnesia {unknown}
 q - a scroll of enchant weapon {unknown}
 r - a scroll of blinking {unknown}
Potions
 h - a potion of flight
 i - a potion of might {unknown}


   Skills:
 * Level 2.6 Fighting
 * Level 3.1 Short Blades
 - Level 1.7 Throwing
 * Level 1.6 Armour
 * Level 1.6 Dodging
 * Level 4.5 Stealth
 * Level 1.1 Spellcasting


You had 6 spell levels left.
You didn't know any spells.
Your spell library contained the following spells:

 Spells                   Type           Power      Damage    Failure   Level
 Static Discharge         Conj/Air       0%         N/A       50%         2
 Conjure Flame            Conj/Fire      0%         6-21      75%         3
 Ignite Poison            Fire/Tmut/Pois 0%         N/A       75%         3
 Dispel Undead            Necr           0%         3d6       98%         4
 Sticky Flame             Conj/Fire      0%         2d3       98%         4


Dungeon Overview and Level Annotations

Branches:
Dungeon (4/15)
 Temple: D:4-7

Altars:
Ashenzari
The Shining One

Shops:
D:2 (((   D:3 :?*[

Annotations:
D:4 Eustachio, Sigmund


Innate Abilities, Weirdness & Mutations

You may rarely emit foul miasma when damaged in melee.


Message History

The gnoll is moderately wounded.
The gnoll hits you with a +0 club.
You hit the gnoll.
The gnoll is severely wounded.
You hit the gnoll but do no damage.
The gnoll is severely wounded.
The gnoll hits you with a +0 club.
You barely miss the gnoll.
The gnoll is severely wounded.
The gnoll hits you with a +0 club.
The orc shouts!
You hit the gnoll.
The gnoll is severely wounded.
The gnoll completely misses you.
You hit the gnoll but do no damage.
The gnoll is severely wounded.
An orc priest comes into view. It is wielding a +0 club.
The gnoll hits you with a +0 club.
The orc priest shouts!
You hit the gnoll.
The gnoll is almost dead.
The gnoll barely misses you.
You hit the gnoll.
You kill the gnoll!
You hit the ogre.
The ogre is lightly wounded.
The ogre barely misses you.
You hit the ogre.
The ogre is moderately wounded.
The ogre completely misses you.
You hit the ogre but do no damage.
The ogre is moderately wounded.
You hit the ogre.
The ogre is moderately wounded.
The ogre hits you with a +0 giant club!!
* * * LOW HITPOINT WARNING * * *
You completely miss the ogre.
The ogre is moderately wounded.
The ogre hits you with a +0 giant club!
You die...

##...#.###.##
#......##.## ###
#...#..#..####_###
...........##.....#
##.........##♣...♣#
....##..#..##.....#
...#.####...#.###♣...♣#
...#.##...#...g####'##
...#....###..ooO@...#
......##.....o#######
...........♣..#
.......##.....# ......
##._.## ..$# #..^# g.##
o.♣.# .## .....# ...#
.#.##.#


You could see an ogre, an orc priest, a gnoll and 2 orcs.

Vanquished Creatures
  Natasha (thrice) (D:3)
  3 gnolls
  2 adders
  An adder skeleton (D:4)
  3 dart slugs
  5 orcs (D:3)
  9 endoplasms
  3 giant cockroaches
  4 goblins
  7 hobgoblins
  4 quokkas
  5 ball pythons
  A bat (D:1)
  4 frilled lizards
  6 kobolds
  5 rats
  A spectral hobgoblin (D:3)
66 creatures vanquished.

Notes
Turn   | Place    | Note
-------+----------+-------------------------------------------
     0 | D:1      | Allula97 the Demonspawn Brigand began the quest for the
                  | Orb.
     0 | D:1      | Reached XP level 1. HP: 16/16 MP: 1/1
   133 | D:1      | Reached skill level 1 in Dodging
   138 | D:1      | Gained mutation: You may rarely emit foul miasma when
                  | damaged in melee. [demonic ancestry]
   138 | D:1      | Reached XP level 2. HP: 22/22 MP: 2/2
   240 | D:1      | Reached skill level 4 in Stealth
   516 | D:1      | Reached XP level 3. HP: 17/27 MP: 3/3
  1366 | D:2      | Found Ashres's Jewellery Shop.
  1394 | D:2      | Found Nasovic's Weapon Boutique.
  1989 | D:2      | Found Iblino's Weapon Shoppe.
  2181 | D:2      | Found Xugiatweoha's Antique Weapon Emporium.
  2298 | D:3      | Noticed Natasha
  2317 | D:3      | Killed Natasha
  2318 | D:3      | Reached skill level 1 in Armour
  2318 | D:3      | Reached XP level 4. HP: 9/34 MP: 5/5
  2539 | D:3      | Found Ecollao's Armour Shop.
  2555 | D:3      | Found a faded altar of an unknown god.
  2562 | D:3      | Found Howko's General Store.
  2766 | D:3      | Noticed Natasha
  2776 | D:3      | Killed Natasha
  2777 | D:3      | Reached skill level 1 in Spellcasting
  2836 | D:3      | Reached XP level 5. HP: 19/39 MP: 6/6
  3146 | D:3      | Found Ocantisuty's Magic Scroll Shoppe.
  3147 | D:3      | Found Qiotocw's Book Shoppe.
  3149 | D:3      | Bought a scroll of enchant armour for 90 gold pieces
  3149 | D:3      | Bought a scroll of identify for 24 gold pieces
  3505 | D:3      | Noticed Natasha
  3519 | D:3      | Killed Natasha
  3529 | D:4      | Noticed Eustachio
  3538 | D:4      | Noticed a phantom
  3543 | D:4      | Noticed Sigmund
  3749 | D:4      | Found a broken altar of Ashenzari.
  3772 | D:4      | Noticed an ogre
  3799 | D:4      | Slain by an ogre

Illustrated notes

Levels and vault maps discovered:
D:1:      dpeg_arrival_tiny_h, layout_basic, kennysheep_nondescript
D:2:      layout_basic, serial_shops, shop, nicolae_shop_advertising_works
          [nicolae_subvault_shop_adworks], nicolae_square_shop,
          nicolae_shop_window_shopping
D:3:      layout_basic, dreamdust_ecumenical_altar_drowned_temple, serial_shops,
          shop, shop_statue, nicolae_shop_crystal, shop, uniq_natasha
D:4:      layout_rooms, mainiacjoe_overflow_tiny_flanked, tso_altar,
          minmay_temple_entry_overgrown, nicolae_shop_fire_sale
          [nicolae_sub_dead_trees], uniq_eustachio, uniq_sigmund

Skill      XL: |  1  2  3  4  5 |
---------------+----------------+-----
Dodging        | 1 |  1.6
Short Blades   | 2 3 |  3.1
Stealth        | 4 |  4.5
Armour         | 1 |  1.6
Spellcasting   | 1 |  1.1
Fighting       | |  2.6
Throwing       | |  1.7

Action                   |  1- 3 |  4- 6 || total
-------------------------+-------+-------++-------
Melee: Dagger            |   128 |   112 ||   240
       Punch             |       |     1 ||     1
Throw: Dart              |     9 |       ||     9
  Use: Potion            |     1 |     2 ||     3
       Scroll            |       |     3 ||     3
 Stab: Sleeping          |    12 |     2 ||    14
Armor: Robe              |     9 |       ||     9
       Leather armour    |     4 |    16 ||    20
Dodge: Dodged            |    55 |    44 ||    99
